 Dungeon Crawl Stone Soup version 0.21-a0-137-g951aa02 (webtiles) character file.

39 qqqbard the Covered (level 3, -4/24 HPs)
             Began as a Gargoyle Fighter on July 18, 2017.
             Killed by divine providence
             ... invoked by an orc priest
              (11 damage)
             ... on level 3 of the Dungeon.
             The game lasted 00:03:43 (1198 turns).

qqqbard the Covered (Gargoyle Fighter)              Turns: 1198, Time: 00:03:44

Health: -4/24      AC: 12    Str: 20    XL:     3   Next: 47%
Magic:  12/12      EV:  7    Int:  8    God:
Gold:   86         SH:  9    Dex:  9    Spells: 2/2 levels left

rFire    . . .     SeeInvis .   a - +0 flail
rCold    . . .     Gourm    .   c - +0 shield
rNeg     + . .     Faith    .   b - +0 scale mail
rPois    ∞         Spirit   .   (no helmet)
rElec    +         Reflect  .   (no cloak)
rCorr    +         Harm     .   s - +0 pair of gloves
MR       .....                  h - +0 pair of boots
Stlth    ..........             p - amulet of regeneration
HPRegen  0.48/turn              g - ring of magical power
MPRegen  0.13/turn              k - ring of resist corrosion

@: no status effects
A: negative energy resistance 1, electricity resistance, unbreathing,
petrification resistance, rot immunity, AC +3
a: no special abilities


You were on level 3 of the Dungeon.
You were not hungry.

You visited 1 branch of the dungeon, and saw 3 of its levels.

You collected 86 gold pieces.

Inventory:

Hand Weapons
 a - a +0 flail (weapon)
Armour
 b - a +0 scale mail (worn)
 c - a +0 shield (worn)
 h - a +0 pair of boots (worn)
 s - a +0 pair of gloves (worn)
Jewellery
 g - a ring of magical power (left hand)
 k - a ring of resist corrosion (right hand)
 p - an amulet of regeneration (around neck)
Scrolls
 n - 2 scrolls of enchant armour {unknown}
 t - 2 scrolls of identify
 u - a scroll of blinking {unknown}
Potions
 d - a potion of might
 e - a potion of haste {unknown}
 m - a potion of heal wounds {unknown}
 o - a potion of degeneration {unknown}
 r - a potion of berserk rage {unknown}
Books
 q - a book of Minor Magic

   Spells                             Type                      Level
   a - Magic Dart                     Conjuration                  1
   b - Blink                          Translocation                2
   c - Call Imp                       Summoning                    2
   d - Slow                           Hexes                        2
   e - Conjure Flame                  Conjuration/Fire             3
   f - Mephitic Cloud                 Conjuration/Poison/Air       3
Comestibles
 f - a bread ration
 i - 2 chunks of flesh
 j - a royal jelly
 l - a meat ration


   Skills:
 + Level 3.7 Fighting
 * Level 2.6 Maces & Flails
 + Level 3.7 Armour
 + Level 0.0 Dodging
 + Level 3.7 Shields


You had 2 spell levels left.
You didn't know any spells.

Dungeon Overview and Level Annotations

Branches:
Dungeon (3/15)

Altars:
Gozag


Innate Abilities, Weirdness & Mutations

You are resistant to torment.
Your stone body is resilient. (AC +3)
You are immune to poison.
You resist negative energy. (rN+)
You are resistant to electric shocks. (rElec)
You can survive without breathing.
You are immune to petrification.
You are immune to rotting.


Message History

You are too injured to fight recklessly!
You are too injured to fight recklessly!
You are too injured to fight recklessly!
You are too injured to fight recklessly!
You are too injured to fight recklessly!
You are too injured to fight recklessly!
You are too injured to fight recklessly!
You are too injured to fight recklessly!
You are too injured to fight recklessly!
Unknown command.
You hit the orc priest.
The orc priest is moderately wounded.
The orc hits you. You block the orc's attack.
The orc priest hits you with a flail.
* * * LOW HITPOINT WARNING * * *
Unknown command.
The orc barely misses you.
The orc priest mumbles some strange prayers to Beogh against you.
Beogh smites you!
You die...

# ###.# ##.
#.##.o.##.....
#......o.o..#
....##o######.#
###.##o# ..##.#
#.##o# #.##.####
.. ###..@....#
....#......##.....
#........# ####
..##.#.##.# #
#.##.# #.##.#
#.##.# #.##.#
#....# ##


You could see an orc priest and 3 orcs.

Vanquished Creatures
  2 dart slugs
  An orc (D:3)
  2 giant cockroaches
  7 goblins
  3 hobgoblins (D:2)
  3 kobolds (D:2)
  2 quokkas
  6 frilled lizards
  6 rats
32 creatures vanquished.

Notes
Turn   | Place    | Note
-------+----------+-------------------------------------------
     0 | D:1      | qqqbard the Gargoyle Fighter began the quest for the Orb.
     0 | D:1      | Reached XP level 1. HP: 14/14 MP: 1/1
   203 | D:1      | Reached XP level 2. HP: 14/19 MP: 2/2
   373 | D:1      | You fall through a shaft!
   558 | D:2      | Reached XP level 3. HP: 21/23 MP: 3/3
   739 | D:2      | Found an opulent altar of Gozag.
  1198 | D:3      | Killed from afar by an orc priest

Vault maps used:
D:1:      dpeg_arrival_arbitrary_a
D:2:      nicolae_overflow_crystal_walls, lemuel_another_geyser
D:3:      lemuel_coloured_pillars_altar, minmay_unequal

Action                   || total
-------------------------++-------
Melee: Flail             ||   149
  Use: Scroll            ||     1
  Eat: Chunk             ||     1
Armor: Scale mail        ||    64
Dodge: Dodged            ||    31
Block: Shield            ||    78
